 Dungeon Crawl Stone Soup version 0.22.1-6-g1668fe2 (webtiles) character file.

4361 Flooderbenga the Basher (level 10, 0/98 HPs)
             Began as a Troll Warper on Dec 22, 2018.
             Was a Believer of Elyvilon.
             Slain by a killer bee (1 damage)
             ... on level 9 of the Dungeon on Jan 30, 2019.
             The game lasted 02:27:27 (9098 turns).

Flooderbenga the Basher (Troll Warper)              Turns: 9098, Time: 02:27:29

Health: 0/98       AC:  8    Str: 23    XL:     10   Next: 12%
Magic:  0/10       EV: 10    Int:  9    God:    Elyvilon [**....]
Gold:   341        SH:  0    Dex: 10    Spells: 9/11 levels left

rFire    + . .     SeeInvis .   o - +0 giant club
rCold    + . .     Gourm    +   (shield currently unavailable)
rNeg     . . .     Faith    .   G - +0 robe
rPois    .         Spirit   .   (helmet restricted)
rElec    .         Reflect  .   F - +0 cloak
rCorr    +         Harm     .   (gloves unavailable)
MR       .....                  (boots unavailable)
Stlth    +.........             (no amulet)
HPRegen  0.66/turn              u - ring of resist corrosion
MPRegen  0.12/turn              a - ring of protection from cold

@: lethally poisoned (0 -> -1), protection, very slightly contaminated
A: large, unfitting armour, claws 3, iridescent scales 1, fire resistance 1,
fast metabolism 3, gourmand, regeneration 1, shaggy fur 1, tough skin 2
a: Lesser Healing, Heal Other, Divine Protection, Renounce Religion


You were on level 9 of the Dungeon.
You worshipped Elyvilon.
Elyvilon was pleased with you.
You were not hungry.

You visited 2 branches of the dungeon, and saw 10 of its levels.

You collected 341 gold pieces.

Inventory:

Hand Weapons
 o - a +0 giant club (weapon)
 s - a +1 hand axe of electrocution
 A - a +0 trident
 H - a +0 morningstar
 N - a +0 dire flail of freezing
 P - a +1 mace of crushing
Missiles
 e - 4 tomahawks of dispersal
 i - 16 bolts
 j - 356 stones
 p - 46 sling bullets
 w - 2 javelins
 C - 3 steel tomahawks
 E - 59 arrows
 I - 14 poisoned needles
 L - 2 large rocks
 M - 2 tomahawks (quivered)
Armour
 g - a +0 shield
 x - a +0 ring mail
 F - a +0 cloak (worn)
 G - a +0 robe (worn)
Jewellery
 a - a ring of protection from cold (right claw)
 b - a +4 ring of intelligence
 u - a ring of resist corrosion (left claw)
 B - an uncursed ring of magical power
Wands
 m - a wand of flame (31)
 D - a wand of iceblast (6)
 K - a wand of clouds (6)
 Q - a wand of digging (12) {@v4}
Scrolls
 c - a scroll of magic mapping {unknown}
 h - 8 scrolls of remove curse {@r2}
 l - a scroll of enchant armour
 n - a scroll of enchant weapon
 r - 2 scrolls of identify {@r1}
 t - 4 scrolls of teleportation {@r3}
 R - a scroll of fear {@r5}
Potions
 d - a potion of haste {@q3}
 k - a potion of heal wounds {@q2}
 q - 4 potions of curing {@q1}
 v - 2 potions of brilliance
 y - 2 potions of flight
 z - a potion of might {@q4}
Comestibles
 f - 21 rations


   Skills:
 * Level 6.1 Fighting
   Level 1.5 Short Blades
 * Level 10.4 Maces & Flails
 - Level 2.5 Throwing
 + Level 2.9 Dodging
 - Level 2.7 Unarmed Combat
 - Level 1.2 Spellcasting
 - Level 3.3 Translocations


You had 9 spell levels left.
You knew the following spells:

 Your Spells              Type           Power        Failure   Level  Hunger
B - Blink                 Tloc           N/A          14%         2    ###....

Your spell library contained the following spells:

 Spells                   Type           Power        Failure   Level  Hunger
 Apportation              Tloc           #.....       9%          1    ##.....
 Gell's Gravitas          Tloc           #.........   26%         3    ####...
 Lesser Beckoning         Tloc           #.........   26%         3    ####...
 Teleport Other           Tloc           #.......     26%         3    ####...
 Shroud of Golubria       Chrm/Tloc      #.........   28%         2    ###....
 Animate Skeleton         Necr           N/A          36%         1    ##.....
 Confusing Touch          Hex            #.....       36%         1    ##.....
 Summon Small Mammal      Summ           #...         36%         1    ##.....
 Passage of Golubria      Tloc           N/A          65%         4    #####..


Dungeon Overview and Level Annotations

Branches:
Dungeon (9/15)             Temple (1/1) D:6
   Lair: D:8-11         Orc: D:9-12

Altars:
Ashenzari
Cheibriados
Dithmenos
Elyvilon
Fedhas
Gozag
Hepliaklqana
Kikubaaqudgha
Makhleb
Qazlal
Ru
Sif Muna
Trog
Vehumet
Yredelemnul
Zin
The Shining One

Shops:
D:8 %

Annotations:
D:8 Erica


Innate Abilities, Weirdness & Mutations

You are too large for most types of armour.
You have claws for hands.
Your metabolism is lightning-fast.
You like to eat raw meat.
Your natural rate of healing is unusually fast.
You are covered in fur. (AC +1)
You have very tough skin. (AC +2)
You are partially covered in iridescent scales. (AC +2)
Your flesh is heat resistant. (rF+)


Message History

The killer bee stings you but does no damage.
The killer bee stings you.
* * * LOW HITPOINT WARNING * * *
You regained 5 hp, and now have 14/98 hp.
You miscast Blink.
You are very lightly contaminated with residual magic.
The floor and the ceiling briefly switch places.
The killer bee misses you. The killer bee barely misses you.
The killer bee stings you.
* * * LOW HITPOINT WARNING * * *
The killer bee stings you but does no damage.
You now have 0/10 mp.
You beseech Elyvilon to protect your life.
The killer bee stings you!
* * * LOW HITPOINT WARNING * * *
The killer bee closely misses you. The killer bee stings you.
* * * LOW HITPOINT WARNING * * *
You are lethally poisoned!
The killer bee poisons you! The killer bee stings you.
You die...

. .. ...
....
.....####
........#
#...>.y@#
#.....y.#
#_......#
#.......#
#..[....#
.$.....(#
...(....#
.#......#


You could see 2 killer bees.

Vanquished Creatures
  A hornet (D:8)
  Grinder (D:6)
  Grum (D:8)
  2 soldier ants (D:8)
  Duvessa (D:7)
  3 ice beasts
  5 orc warriors
  3 phantoms
  A sky beast (D:7)
  A black bear (D:8)
  3 necrophages
  An ogre (D:7)
  2 wolves
  Blork the orc (D:5)
  A big kobold (D:8)
  Dowan (D:7)
  A wyvern zombie (D:7)
  A water moccasin zombie (D:8)
  A water moccasin skeleton (D:5)
  2 scorpions
  2 killer bees
  2 vampire bats (D:3)
  3 crimson imps
  2 jellies
  A centaur zombie (D:8)
  4 hounds
  3 orc priests
  4 bullfrog skeletons
  5 orc wizards
  3 iguanas
  Terence (D:2)
  4 worker ants
  Ijyb (D:5)
  A hound skeleton (D:7)
  7 adders
  7 gnolls
  2 shadow imps
  2 adder skeletons
  3 worms
  2 dart slugs
  4 leopard geckos
  19 orcs
  2 bat skeletons (D:3)
  4 bat zombies (D:3)
  5 giant cockroaches
  9 goblins
  7 hobgoblins
  5 jackals
  3 quokkas
  9 bats
  6 frilled lizards
  A jackal skeleton (D:7)
  11 kobolds
  A leopard gecko skeleton (D:7)
  A quokka skeleton (D:8)
  7 rats
186 creatures vanquished.

Vanquished Creatures (others)
  A wizard (D:4)
1 creature vanquished.

Grand Total: 187 creatures vanquished

Notes
Turn   | Place    | Note
-------+----------+-------------------------------------------
     0 | D:1      | Flooderbenga the Troll Warper began the quest for the Orb.
     0 | D:1      | Reached XP level 1. HP: 19/19 MP: 1/1
   223 | D:1      | Reached skill level 1 in Unarmed Combat
   241 | D:1      | Reached XP level 2. HP: 28/28 MP: 2/2
   396 | D:1      | Flooderbenga: @??dart slug
   396 | D:1      | beem: dart slug (w)
                  | Spd:
     7 | HD: 1    | HP: 8-11
                  | AC/EV:
                  | 1/1
                  | Dam: 3
                  | cling
                  | Vul: poison
                  | XP: 4
                  | Sp: slug dart
                  | (2d4) [!AM, !sil]
                  | Sz: little
                  | Int: animal.
  1266 | D:2      | Noticed Terence
  1297 | D:2      | Killed Terence
  1297 | D:2      | Reached XP level 3. HP: 13/36 MP: 3/3
  1436 | D:2      | Found a stormy altar of Qazlal.
  1484 | D:2      | Reached XP level 4. HP: 44/44 MP: 4/4
  1527 | D:2      | Found a hazy altar of Hepliaklqana.
  2027 | D:3      | Learned a level 2 spell: Blink
  2081 | D:3      | Found an ancient bone altar of Kikubaaqudgha.
  2095 | D:3      | Reached skill level 1 in Maces & Flails
  2095 | D:3      | Reached XP level 5. HP: 51/53 MP: 5/5
  2323 | D:3      | Found a basalt altar of Yredelemnul.
  2532 | D:3      | Reached skill level 2 in Maces & Flails
  2538 | D:3      | Reached skill level 1 in Throwing
  2986 | D:3      | Reached XP level 6. HP: 45/61 MP: 6/6
  3070 | D:3      | Found a glowing golden altar of the Shining One.
  3345 | D:4      | Reached skill level 3 in Maces & Flails
  3474 | D:4      | Reached XP level 7. HP: 54/68 MP: 7/7
  3517 | D:5      | Entered Level 5 of the Dungeon
  3781 | D:4      | Found a bloodstained altar of Trog.
  3782 | D:4      | Noticed a wizard
  3786 | D:4      | Killed a wizard
  4190 | D:5      | Noticed Blork the orc
  4199 | D:5      | Killed Blork the orc
  4229 | D:5      | Noticed Ijyb
  4240 | D:5      | Killed Ijyb
  4306 | D:5      | Reached skill level 4 in Maces & Flails
  4444 | D:5      | Found an opulent altar of Gozag.
  4725 | D:5      | Reached skill level 5 in Maces & Flails
  4768 | D:5      | Reached XP level 8. HP: 77/78 MP: 8/8
  5386 | D:6      | Reached skill level 6 in Maces & Flails
  5618 | D:6      | Reached skill level 7 in Maces & Flails
  5675 | D:6      | Found a staircase to the Ecumenical Temple.
  5689 | D:6      | Noticed Grinder
  5691 | D:6      | Gained mutation: You are partially covered in iridescent
                  | scales. (AC +2) [potion of mutation]
  5691 | D:6      | Gained mutation: Your flesh is heat resistant. (rF+)
                  | [potion of mutation]
  5696 | D:6      | Paralysed by Grinder for 2 turns
  5711 | D:6      | Killed Grinder
  5801 | D:5      | Noticed a rust devil
  5801 | D:5      | Noticed a rust devil
  5904 | D:6      | Reached skill level 8 in Maces & Flails
  6287 | Temple   | Entered the Ecumenical Temple
  6511 | Temple   | Became a worshipper of Elyvilon the Healer
  6513 | Temple   | Upgraded the game from 0.22.1-2-g9c5b331 to
                  | 0.22.1-6-g1668fe2
  6893 | D:7      | Reached XP level 9. HP: 61/84 MP: 9/9
  6977 | D:7      | Noticed Dowan
  6987 | D:7      | Noticed Duvessa
  6994 | D:7      | Killed Duvessa
  7003 | D:7      | Killed Dowan
  7455 | D:7      | Reached * piety under Elyvilon
  7559 | D:7      | Reached skill level 9 in Maces & Flails
  7912 | D:8      | Noticed Grum
  8030 | D:7      | Reached skill level 5 in Fighting
  8059 | D:8      | Killed Grum
  8346 | D:8      | Reached skill level 10 in Maces & Flails
  8626 | D:8      | Found Podoclel's Food Emporium.
  8773 | D:8      | Noticed Erica
  8824 | D:8      | Reached ** piety under Elyvilon
  8846 | D:8      | Reached XP level 10. HP: 65/96 MP: 7/10
  9092 | D:9      | Found a glowing silver altar of Zin.
  9098 | D:9      | HP: 1/98 [killer bee (6)]
  9098 | D:9      | Slain by a killer bee

Skill      XL: |  1  2  3  4  5  6  7  8  9 10 |
---------------+-------------------------------+-----
Dodging        | 2 |  2.9
Unarmed Combat | 1 2 |  2.7
Fighting       | 2 3 4 5 6 |  6.1
Maces & Flails | 1 2 3 5 8 10 | 10.4
Throwing       | 1 2 |  2.5
Translocations | 3 |  3.3
Short Blades   | |  1.5
Spellcasting   | |  1.2

Action                   |  1- 3 |  4- 6 |  7- 9 | 10-12 || total
-------------------------+-------+-------+-------+-------++-------
Melee: Unarmed           |   113 |   119 |       |       ||   232
       Short sword       |     5 |       |       |       ||     5
       Club              |       |   153 |       |       ||   153
       Punch             |       |     2 |     1 |       ||     3
       Flail             |       |    16 |    12 |       ||    28
       Morningstar       |       |       |    52 |       ||    52
       Mace              |       |       |   110 |       ||   110
       Dire flail        |       |       |    11 |       ||    11
       Giant club        |       |       |   199 |    37 ||   236
Throw: Stone             |    13 |    36 |    19 |       ||    68
       Javelin           |     1 |     2 |       |       ||     3
       Large rock        |       |     4 |    13 |       ||    17
       Throwing net      |       |       |     2 |       ||     2
       Tomahawk          |       |       |       |     3 ||     3
 Cast: Blink             |       |       |     7 |     5 ||    12
Invok: Lesser Healing    |       |       |     2 |       ||     2
       Divine Protection |       |       |       |     1 ||     1
Evoke: Wand              |       |       |    13 |     2 ||    15
  Use: Scroll            |     1 |     4 |     9 |       ||    14
       Potion            |       |       |     6 |     1 ||     7
 Stab: Sleeping          |     1 |       |       |       ||     1
  Eat: Chunk             |    12 |    22 |    38 |       ||    72
       Ration            |     1 |       |     3 |       ||     4
Armor: Robe              |    38 |   184 |   169 |    16 ||   407
       Skin              |       |       |    10 |       ||    10
Dodge: Dodged            |    63 |   212 |   218 |    43 ||   536
